[Event "Late-Titled-Tuesday-Blitz-October-03-2023"]
[Site "Chess.com"]
[Date "2023.10.03"]
[Round "5"]
[White "Giorno"]
[Black "flukeyNZ"]
[Result "1-0"]
[WhiteElo "2510"]
[BlackElo "2219"]
[TimeControl "180+1"]
[EndTime "14:54:03 PDT"]
[Termination "Giorno won by resignation"]

1. Nf3 d5 2. b3 Nf6 3. Bb2 g6 4. c4 c6 5. cxd5 cxd5 6. e3 Bg7 7.
Be2 O-O 8. O-O Nc6 9. Na3 Re8 10.
Rc1 a6 11. d4 Ne4 12. Nd2 Qa5 13. Nxe4 dxe4 14. Nc4 Qg5 15. Kh1 Bf5 16. Nb6 Rad8 17. Rc5 Qh6 18. Rd5 Nb4 19. Rxd8 Rxd8 20. Ba3 Nd3 21.
Bxe7 Re8 22. Ba3 Qh4 23. Bxd3 exd3 24. Nc4 Re4 25. Nd6 Bg4 26. f3 Rxe3 27. fxg4 Bxd4 28. Nc4 Re2 29. Qxd3 Qxg4 30. Qf3 Qe6 31. Bb4 h5 32. Bc3 Ba7 33. Ne5 Rxe5 34. Bxe5 Qxe5 35. Qxf7+ Kh8 36. Qf8+ Kh7 37. Rf7+ 1-0

[Event "Late-Titled-Tuesday-Blitz-October-03-2023"]
[Site "Chess.com"]
[Date "2023.10.03"]
[Round "5"]
[White "josiur"]
[Black "luca_va99"]
[Result "1-0"]
[WhiteElo "2516"]
[BlackElo "2269"]
[TimeControl "180+1"]
[EndTime "14:54:03 PDT"]
[Termination "josiur won on time"]

1. d4 Nf6 2. Nf3 e6 3. Bf4 c5 4. e3 b6 5. Be2 Bb7 6. O-O Nc6 7. c4 cxd4 8. exd4 d5 9. Nc3 Be7 10. Rc1 O-O 11. cxd5 Nxd5 12. Nxd5 Qxd5 13. Bc4 Qh5 14. Ne5 Qxd1 15. Rfxd1 Nxe5 16. dxe5 Rfd8 17. Kf1 Kf8 18. f3 Rxd1+ 19. Rxd1 Rd8 20. Rxd8+ Bxd8 21. Ke2 Ke7 22. Bb5 Bc7 23. h4 Bd5 24. a3 Kf8 25. Ke3 Ke7 26. Kd4 Bb8 27. Bd2 f6 28. exf6+ gxf6 29. Bb4+ Kf7 30. Ke3 Be5 31. Bc3 Bxc3 32. bxc3 e5 33.
Bd3 h6 34. g3 Ke7 35. f4 Kd6 36. fxe5+ Kxe5 37. Be2 Be6 38. Bf3 Bf7 39. Be4 Be6 40.
Kd3 Bf7 41. Bb7 Ba2 42. c4 Bb1+ 43. Ke3 Bh7 44. Bd5 Bb1 45. Kf3 Ba2 46. Kg4 b5 47. Kh5 Bxc4 48. Bf3 1-0

[Event "Late-Titled-Tuesday-Blitz-October-03-2023"]
[Site "Chess.com"]
[Date "2023.10.03"]
[Round "5"]
[White "Polish_fighter3000"]
[Black "BeanScreen"]
[Result "1-0"]
[WhiteElo "3069"]
[BlackElo "2719"]
[TimeControl "180+1"]
[EndTime "14:54:05 PDT"]
[Termination "Polish_fighter3000 won by resignation"]

1. d4 d5 2. Bg5 f6 3. Bf4 Nc6 4. Nf3 g5 5. Bg3 g4 6. Nh4 e5 7.
e3 Nh6 8. Bb5 Nf7 9. O-O Be6 10.
f4 Bh6 11. Nc3 a6 12. Bxc6+ bxc6 13. Na4 Qe7 14. Nc5 Nd6 15. fxe5 Bxe3+ 16. Kh1 fxe5 17. Bxe5 Rf8 18. Rxf8+ Kxf8 19. Qe2 Bg5 20. Bxd6 cxd6 21. Nxe6+ Kg8 22. Qxg4 h6 23. Nf3 Re8 24. Re1 Kh8 25.
h4 Bf6 26. Ng7 Qxe1+ 27. Nxe1 Rxe1+ 28. Kh2 Bxg7 29. Qc8+ Kh7 30. c3 Re2 31. Qxc6 Rxb2 32. Qxd5 Rb6 33. a4 a5 34. Qxa5 Rb8 35. Qf5+ Kh8 36.
a5 Rf8 37. Qxf8+ Bxf8 38. a6 d5 39. a7 Bd6+ 40. Kh3 h5 41. a8=Q+ Kg7 42. Qxd5 Be7 43. Qxh5 Bf6 44. Qd1 Kg6 45. h5+ Kh6 46. g4 Kg5 47. c4 Bxd4 48. Qxd4 Kh6 49. Qf6+ 1-0

[Event "Late-Titled-Tuesday-Blitz-October-03-2023"]
[Site "Chess.com"]
[Date "2023.10.03"]
[Round "5"]
[White "WindWhistler11"]
[Black "DefiantChair"]
[Result "1-0"]
[WhiteElo "2463"]
[BlackElo "2560"]
[TimeControl "180+1"]
[EndTime "14:54:07 PDT"]
[Termination "WindWhistler11 won by checkmate"]

1. Nf3 d5 2. c4 e6 3. e3 Nf6 4. b3 c5 5. Bb2 Nc6 6. cxd5 exd5 7. d3 Bd6 8. Be2 O-O 9. Nbd2 h6 10. O-O b6 11. Re1 Re8 12. Rc1 Bd7 13. Nf1 Ng4 14. d4 Be6 15. dxc5 bxc5 16. Bb5 Rc8 17. Bxc6 Rxc6 18.
Nd4 cxd4 19. Rxc6 dxe3 20. fxe3 Bb8 21. Rxe6 Rxe6 22. Qxg4 Rg6 23. Qf3 Bd6 24. Rd1 Rg5 25.
h4 Rg6 26. Rxd5 Qxh4 27. Rf5 Kh7 28. Rxf7 Qg5 29. Bd4 a5 30. Nd2 Qh4 31. Ne4 Qh2+ 32.
Kf1 Qh1+ 33. Kf2 Qh4+ 34. Ke2 Be7 35. g3 Qh2+ 36. Kd3 Bd8 37. Qf5 Qxa2 38. Rxg7+ Kh8 39. Qf8# 1-0

[Event "Late-Titled-Tuesday-Blitz-October-03-2023"]
[Site "Chess.com"]
[Date "2023.10.03"]
[Round "5"]
[White "koncheto"]
[Black "tantaan"]
[Result "0-1"]
[WhiteElo "2522"]
[BlackElo "2419"]
[TimeControl "180+1"]
[EndTime "14:54:11 PDT"]
[Termination "tantaan won by resignation"]

1. e4 c5 2. Nf3 e6 3. d4 cxd4 4. Nxd4 Nf6 5. Nc3 Nc6 6. a3 Be7 7. Be2 O-O 8. O-O d6 9. Be3 e5 10. Nxc6 bxc6 11. Kh1 a5 12. Qd2 d5 13. exd5 cxd5 14.
Bg5 Be6 15. Rad1 d4 16. Bxf6 gxf6 17. Qh6 f5 18. Rd3 f4 19. Ne4 Bf5 20. Bf3 Rb8 21. Rb3 Rxb3 22. cxb3 Bg6 23. Nd2 f5 24. Qh3 e4 25.
Bh5 Kg7 26. Nc4 Qc7 27. Rd1 d3 28. g3 f3 29. Ne3 Qe5 30. Nc4 Qd4 31. Bxg6 hxg6 32.
Qf1 Bf6 33. Qe1 a4 34. Qc3 Qxf2 35. Qd2 Qxd2 36. Rxd2 axb3 37. Kg1 Re8 38. Kf1 e3 39. Rxd3 e2+ 40. Ke1 f2+ 41. Kxf2 e1=Q+ 0-1

[Event "Late-Titled-Tuesday-Blitz-October-03-2023"]
[Site "Chess.com"]
[Date "2023.10.03"]
[Round "5"]
[White "Qvalda"]
[Black "BigAl"]
[Result "0-1"]
[WhiteElo "2389"]
[BlackElo "2545"]
[TimeControl "180+1"]
[EndTime "14:54:13 PDT"]
[Termination "BigAl won on time"]

1. Nf3 Nf6 2. g3 g6 3. Bg2 Bg7 4. O-O O-O 5. d4 d6 6. a4 a5 7.
Nbd2 Nbd7 8. e4 e5 9. dxe5 dxe5 10. Re1 Qe7 11. Nc4 Re8 12. b3 h6 13. Ba3 Qe6 14. h3 b6 15. Kh2 Ba6 16. Ne3 Bb7 17. Nd5 Nxd5 18. exd5 Qxd5 19. Nh4 Qxd1 20. Raxd1 Bxg2 21.
Rxd7 Bc6 22. Rxc7 Rac8 23. Rxc8 Rxc8 24. Bd6 e4 25. Ng2 f5 26. Nf4 Kf7 27. h4 g5 28.
Ng2 Ke6 29. Ba3 Rd8 30. Re2 Be5 31. Bc1 Rd1 32. Be3 Kf6 33. hxg5+ hxg5 34. Bxb6 f4 35. Re1 Rd2 36. gxf4 gxf4 37. Kh3 Bd7+ 38. Kh4 Kf5 39. Bd8 Rxf2 40. Rd1 Rxg2 41. Kh3 Rg3+ 42. Kh2 f3 43.
Rxd7 Rg7+ 44. Kh1 Rxd7 45. Bxa5 e3 0-1

[Event "Late-Titled-Tuesday-Blitz-October-03-2023"]
[Site "Chess.com"]
[Date "2023.10.03"]
[Round "5"]
[White "WilliamAlfaroCaracas"]
[Black "Gyulamiryan-koryun"]
[Result "1-0"]
[WhiteElo "2224"]
[BlackElo "1979"]
[TimeControl "180+1"]
[EndTime "14:54:13 PDT"]
[Termination "WilliamAlfaroCaracas won by checkmate"]

1. e4 e5 2. Nf3 Nc6 3. Nc3 Nf6 4. h3 Bb4 5. Nd5 Nxe4 6. Nxb4 Nxb4 7. d4 O-O 8. Bd3 Nxd3+ 9. Qxd3 d5 10. Nxe5 f6 11. Nf3 Bf5 12. Nh4 Nxf2 13. Qxf5 Nxh1 14. Bf4 Qe7+ 15. Kd2 Rae8 16. Rxh1 Qe2+ 17. Kc1 g5 18.
Qxd5+ Rf7 19. Nf5 gxf4 20. Nh6+ Kg7 21. Qxf7+ Kxh6 22. Qxf6+ Kh5 23. Qf5+ Kh6 24. Qxf4+ Kg7 25. Qxc7+ Re7 26. Qg3+ Kf8 27. Qf3+ Qxf3 28. gxf3 Re2 29.
Rf1 Kf7 30. c4 Kf6 31. Kb1 Kf5 32. a3 Kf4 33. Ka2 Rh2 34. d5 Rxh3 35. d6 Rh6 36. Rd1 Rg6 37. d7 Rg8 38. d8=Q Rxd8 39. Rxd8 Kxf3 40. Rd7 h5 41. Rxb7 h4 42. Rxa7 h3 43.
Rh7 Kg2 44. c5 h2 45. c6 h1=Q 46. Rxh1 Kxh1 47. c7 Kg2 48. c8=Q Kf3 49. b4 Ke4 50. b5 Ke5 51. b6 Kd6 52. b7 Kd5 53. b8=Q Kd4 54.
Qbb7 Kd3 55. Qbd7+ Ke4 56. Qce8+ Kf3 57. Qdf7+ Kg4 58. Qeg8+ Kh4 59. Qfh7# 1-0

[Event "Late-Titled-Tuesday-Blitz-October-03-2023"]
[Site "Chess.com"]
[Date "2023.10.03"]
[Round "5"]
[White "ritanovikova"]
[Black "C_K_G"]
[Result "1-0"]
[WhiteElo "2182"]
[BlackElo "1903"]
[TimeControl "180+1"]
[EndTime "14:54:14 PDT"]
[Termination "ritanovikova won on time"]

1. e4 c5 2. Nc3 d6 3. d3 e6 4. g3 a6 5. Bg2 Nc6 6. Nge2 Nf6 7. O-O Be7 8. a4 Qc7 9. f4 O-O 10. h3 b6 11. Kh2 Bb7 12. f5 Nd4 13. Be3 exf5 14. Nxd4 cxd4 15. Bxd4 fxe4 16. Nxe4 Nxe4 17. dxe4 Qc4 18. c3 b5 19. Qg4 f6 20.
Rf4 Bc8 21. Qh5 Rb8 22. Rh4 h6 23. Qg6 Qf7 24. Qxf7+ Rxf7 25. axb5 axb5 26. Rf4 Be6 27. Raf1 b4 28. g4 bxc3 29. Bxc3 Rb5 30. R4f2 d5 31. exd5 Bxd5 32. Rf5 Bd6+ 33. Kg1 Bc5+ 34. Kh1 Bc4 35.
Re1 Bf8 36. Rxb5 Bxb5 37. Bd5 Bd6 38. Bxf7+ Kxf7 39. Bd4 Bc6+ 40. Kg1 g5 41. Rf1 Be7 42. b4 Kg6 43. Bc5 Bd8 44. Rb1 h5 45. b5 1-0

[Event "Late-Titled-Tuesday-Blitz-October-03-2023"]
[Site "Chess.com"]
[Date "2023.10.03"]
[Round "5"]
[White "Herman-NY"]
[Black "IPAchess"]
[Result "1-0"]
[WhiteElo "2516"]
[BlackElo "2328"]
[TimeControl "180+1"]
[EndTime "14:54:15 PDT"]
[Termination "Herman-NY won on time"]

1. e4 e5 2. Nf3 Nc6 3. Bb5 a6 4. Ba4 Nf6 5. O-O d6 6. Re1 Bd7 7. c3 g6 8. d4 Bg7 9. h3 O-O 10.
Nbd2 Re8 11. Bc2 a5 12. Nf1 a4 13. a3 b5 14. Ng3 Na5 15. Rb1 Qc8 16. Kh2 c5 17. d5 Nc4 18. Bd3 Nb6 19. Bd2 Nc4 20. Bxc4 bxc4 21. Qc2 Qb7 22. Rbd1 Bc8 23. Bc1 Nd7 24.
Qe2 Nb6 25. Nd2 Qa6 26. Ndf1 Rf8 27. Ne3 f5 28. exf5 gxf5 29. Nh5 Ra7 30. f4 e4 31. g4 Kh8 32. Rg1 Qb7 33. gxf5 Bf6 34. Qg4 Qf7 35.
Rg3 Bd7 36. Rdg1 Raa8 37. Bd2 Bd8 38. Be1 Bf6 39. R3g2 Bd8 40. Bh4 Bxh4 41. Qxh4 Bxf5 42.
Rg7 Qe8 43. Qg5 Ra7 44. Nxf5 Raf7 45. Qh6 1-0

[Event "Late-Titled-Tuesday-Blitz-October-03-2023"]
[Site "Chess.com"]
[Date "2023.10.03"]
[Round "5"]
[White "MarkoPe"]
[Black "Anton_Demchenko"]
[Result "0-1"]
[WhiteElo "2342"]
[BlackElo "2898"]
[TimeControl "180+1"]
[EndTime "14:54:15 PDT"]
[Termination "Anton_Demchenko won on time"]

1. d4 d5 2. g3 Nf6 3. Bg2 c6 4. Nf3 Bf5 5. O-O e6 6. c4 Nbd7 7. Nc3 h6 8. b3 Bb4 9. Bb2 O-O 10. a3 Be7 11. Re1 a5 12. Ne5 Bh7 13. e4 dxc4 14. Nxc4 b5 15. Ne5 Nxe5 16. dxe5 Nd7 17. Ne2 Qc7 18.
Rc1 Nxe5 19. Nd4 Qb6 20. f4 c5 21. fxe5 cxd4 22. Bxd4 Qb7 23. Bc5 Rfd8 24. Qe2 b4 25. a4 Bxc5+ 26. Rxc5 Qa7 27. Qf2 Bg6 28. h4 Bh5 29.
Bh3 Rd3 30. Rec1 Rad8 31. Bf1 Rf3 32. Qe1 Rxb3 33. Kh2 Bg4 34. Rc8 Rb2+ 35. R1c2 Rxc2+ 36. Rxc2 Qd4 37. Rc7 Qb2+ 38. Kh1 Bf3+ 39. Kg1 Qxe5 40. Qc1 Qd4+ 41. Kh2 Qf2+ 42. Kh3 h5 0-1

[Event "Late-Titled-Tuesday-Blitz-October-03-2023"]
[Site "Chess.com"]
[Date "2023.10.03"]
[Round "5"]
[White "filipluczak05"]
[Black "artin10862"]
[Result "0-1"]
[WhiteElo "2600"]
[BlackElo "2810"]
[TimeControl "180+1"]
[EndTime "14:54:16 PDT"]
[Termination "artin10862 won by checkmate"]

1. d4 Nf6 2. Nc3 d5 3. Bf4 g6 4. e3 a6 5. h4 h5 6. Bd3 Bg7 7. Nf3 Bg4 8. Qd2 Bxf3 9. gxf3 Nbd7 10. O-O-O c5 11. Rhg1 Rc8 12. e4 dxe4 13. Nxe4 cxd4 14. Ng5 Nc5 15. Nxf7 Kxf7 16. Bxg6+ Kf8 17. Bf5 Rc6 18. Rxg7 Kxg7 19. Rg1+ Kf8 20. Bh6+ Ke8 21. Qg5 Qd5 22. Bg7 Rg8 23. Qf4 Qd6 24. Qh6 d3 25. Qg6+ Kd8 26. Rd1 Rxg7 27. Qxg7 Qf4+ 28. Kb1 Qxf5 29. cxd3 Ne6 30.
Qh8+ Kd7 31. a3 Qxf3 32. Re1 Qxf2 33. Rh1 Qf3 34. Re1 Qg3 35. Rd1 Qg4 36. Re1 Qxh4 37. Rd1 Rc8 38. Qh6 Qg5 39. Qxg5 Nxg5 40. Rg1 Nf3 41. Rf1 Nd2+ 42. Ka2 Nxf1 43. d4 Ne3 44. a4 Ned5 45. a5 h4 46. b4 h3 47. Ka3 h2 48. b5 h1=Q 49. bxa6 Qa1+ 50. Kb3 Rc3# 0-1

[Event "Late-Titled-Tuesday-Blitz-October-03-2023"]
[Site "Chess.com"]
[Date "2023.10.03"]
[Round "5"]
[White "angryspacevoid"]
[Black "GaiozNigalidze"]
[Result "0-1"]
[WhiteElo "2546"]
[BlackElo "2758"]
[TimeControl "180+1"]
[EndTime "14:54:16 PDT"]
[Termination "GaiozNigalidze won on time"]

1. e4 c5 2. c3 e5 3. Nf3 Nc6 4. Bc4 Bd6 5. d4 cxd4 6. cxd4 Nf6 7. O-O exd4 8. e5 Bxe5 9. Nxe5 Nxe5 10. Re1 O-O 11.
Rxe5 Qc7 12. Qxd4 d5 13. Na3 dxc4 14. Bf4 Qc6 15. Rae1 Be6 16. Rg5 Ne8 17. Re3 f6 18. Rc5 Qd7 19. Qxd7 Bxd7 20. Nxc4 b6 21. Rd5 Bc6 22.
Rd2 Rf7 23. Rde2 Bb5 24. b3 g5 25. Bg3 Ng7 26. h4 h6 27. Rd2 Nf5 28. Rf3 Nxg3 29. fxg3 Bxc4 30. bxc4 Rc8 31. Rd4 Kg7 32. h5 Rc5 33. g4 Rfc7 34. Rd6 Rf7 35. Rd4 Ra5 36.
Rf2 Rc7 37. Rd6 Rf7 38. Rd4 Ra4 39. Rc2 Rc7 40. Re4 b5 41. Re6 bxc4 42. Rf2 Rf7 43. Rc6 c3 44. Rxc3 Rxg4 45. Rc6 Rh4 46. Rd2 Rxh5 47. Ra6 Rh4 0-1

[Event "Late-Titled-Tuesday-Blitz-October-03-2023"]
[Site "Chess.com"]
[Date "2023.10.03"]
[Round "5"]
[White "OYAcosta"]
[Black "TanitoluwaAps116"]
[Result "0-1"]
[WhiteElo "2193"]
[BlackElo "2661"]
[TimeControl "180+1"]
[EndTime "14:54:19 PDT"]
[Termination "TanitoluwaAps116 won by resignation"]

1. d4 Nf6 2. Nf3 e6 3. Bf4 d5 4.
e3 Bd6 5. Bg3 O-O 6. Nbd2 c5 7. c3 Qc7 8. Ne5 Nfd7 9. Nxd7 Bxd7 10. Bd3 cxd4 11. exd4 Nc6 12. Nf3 h6 13. O-O Rae8 14.
Bxd6 Qxd6 15. Re1 f6 16. Bg6 Re7 17. Qb3 b6 18. Qc2 e5 19. Nh4 e4 20. Bf5 g5 21. Bxd7 Qxd7 22. Ng6 Rc8 23. Nxe7+ Qxe7 24. Qb3 Qf7 25. a4 f5 26. Qb5 Na5 27. f3 Nc4 28.
fxe4 dxe4 29. b3 Nd2 30. c4 Qf6 31. Kh1 f4 32. Qd5+ Qf7 33. Qb5 e3 34. a5 Ne4 35. axb6 axb6 36. Qa6 Re8 37. Qb7 Qxb7 38. d5 f3 39. Rxe3 fxg2+ 40. Kxg2 Qf7 41. Rf1 Qg7 42. Rfe1 Qb2+ 43. R1e2 Qd4 44. Kf3 Rf8+ 45. Kg2 Rf2+ 46. Rxf2 Qxe3 47. Rf5 Qe2+ 48. Kg1 Qg4+ 0-1

[Event "Late-Titled-Tuesday-Blitz-October-03-2023"]
[Site "Chess.com"]
[Date "2023.10.03"]
[Round "5"]
[White "TigrVShlyape"]
[Black "Njal28"]
[Result "1/2-1/2"]
[WhiteElo "2953"]
[BlackElo "3086"]
[TimeControl "180+1"]
[EndTime "14:54:20 PDT"]
[Termination "Game drawn by repetition"]

1. d4 Nc6 2. Bf4 d6 3. e3 Nf6 4. h3 e5 5. dxe5 dxe5 6. Qxd8+ Kxd8 7. Bg5 Be7 8. Nc3 Be6 9. O-O-O+ Kc8 10. Nf3 h6 11.
Bh4 a6 12. a3 Re8 13. Be2 Nd7 14. Bxe7 Nxe7 15. g4 f6 16. Nd2 Nb6 17. Nde4 Ned5 18. h4 Nxc3 19. Nxc3 c6 20. g5 hxg5 21. hxg5 f5 22. Rh7 Re7 23. Rh8+ Kc7 24. Rxa8 Nxa8 25.
Na4 Nb6 26. Nc5 Bc4 27. Bh5 Nd7 28. Nxd7 Rxd7 29. Bg6 Rxd1+ 30. Kxd1 Be6 31. f4 Kd6 32. Kd2 e4 33. b4 c5 34. Kc3 b6 35. Bh5 Bd7 36.
Be2 b5 37. Bh5 Be6 38. Be8 Bc8 39. Bf7 Bd7 40. Kb2 Kc6 41. c4 Kb6 42. Kc3 a5 43.
cxb5 axb4+ 44. axb4 Kxb5 45. bxc5 Kxc5 46. Bc4 Bc8 47. Bf7 Bd7 48. Bg6 Be6 49. Bh7 Bc8 50.
Bg8 Bd7 51. Bf7 Bc8 52. Bc4 Bd7 53. Bb3 Bc8 54. Bc4 Bd7 55. Bb3 Bc8 56. Bf7 Bd7 1/2-1/2

[Event "Late-Titled-Tuesday-Blitz-October-03-2023"]
[Site "Chess.com"]
[Date "2023.10.03"]
[Round "5"]
[White "quvnoq_muxlis"]
[Black "acertijo08"]
[Result "1-0"]
[WhiteElo "2761"]
[BlackElo "2334"]
[TimeControl "180+1"]
[EndTime "14:54:21 PDT"]
[Termination "quvnoq_muxlis won by resignation"]

1. e4 c5 2. Nf3 d6 3. d4 cxd4 4.
Nxd4 Nf6 5. Nc3 a6 6. Be2 e6 7. g4 h6 8. Be3 b5 9. a3 Bb7 10. f3 Nbd7 11. Qd2 d5 12. O-O-O Rc8 13. h4 dxe4 14. g5 hxg5 15. hxg5 Rxh1 16. Rxh1 exf3 17. Bxf3 Bxf3 18. Nxf3 Ng4 19. Bf4 b4 20. axb4 Bxb4 21. Bd6 Bxd6 22. Qxd6 Nf8 23. Qf4 f5 24. gxf6 Nxf6 25.
Qa4+ Qd7 26. Qxa6 Qc6 27. Qxc6+ Rxc6 28. Rg1 g6 29. Ne5 Ra6 30. Nxg6 Ra1+ 31. Nb1 Nxg6 32. Rxg6 Kf7 33. Rg2 e5 34. b3 Ke6 35. Kb2 Ra8 36. c4 e4 37. Nc3 Ke5 38. Rg5+ Kf4 39. Rg6 Ng4 40. Re6 e3 41. c5 Rd8 42. b4 Rd2+ 43. Kb3 Ne5 44. Rf6+ Kg4 45. c6 e2 46. Nxe2 Rxe2 47. c7 Kg5 48. Ra6 Nd3 49. c8=Q 1-0

[Event "Late-Titled-Tuesday-Blitz-October-03-2023"]
[Site "Chess.com"]
[Date "2023.10.03"]
[Round "5"]
[White "rikchessmx"]
[Black "Arteler"]
[Result "0-1"]
[WhiteElo "2331"]
[BlackElo "2615"]
[TimeControl "180+1"]
[EndTime "14:54:21 PDT"]
[Termination "Arteler won on time"]

1. e4 e6 2. d4 d5 3. Nc3 Bb4 4. e5 c5 5. a3 Ba5 6. b4 cxd4 7. Nb5 Bc7 8. f4 Bd7 9. Nf3 Ne7 10. Nbxd4 Ba4 11. Bd3 Nbc6 12. Bb2 Bb6 13. Qd2 Rc8 14. c3 Nxd4 15. cxd4 Qd7 16. Qe2 a6 17. Ng5 Bb5 18. O-O h6 19. Nf3 O-O 20. Rac1 Nf5 21. g4 Ne7 22. Rc5 Bxc5 23. dxc5 Bxd3 24. Qxd3 d4 25. h4 b6 26. cxb6 Qb7 27. Bxd4 Rfd8 28. Qb3 Nd5 29.
f5 exf5 30. gxf5 Nf4 31. Bc5 Qe4 32. f6 Rd3 33. Qb1 Qe2 34. Rf2 Rd1+ 35. Qxd1 Qxd1+ 36. Kh2 Qd5 37. Kg3 Ne6 38. fxg7 Nxg7 39. Rd2 Qe4 40. Rd4 Nf5+ 41. Kf2 Nxd4 42. Nxd4 Rxc5 43. bxc5 Qxd4+ 44. Kf3 Qxc5 45. b7 Qd5+ 46. Kf4 Qxb7 47. Kf5 Qd5 0-1

[Event "Late-Titled-Tuesday-Blitz-October-03-2023"]
[Site "Chess.com"]
[Date "2023.10.03"]
[Round "5"]
[White "Djager97"]
[Black "GiorgianBarbosa"]
[Result "1-0"]
[WhiteElo "2551"]
[BlackElo "2404"]
[TimeControl "180+1"]
[EndTime "14:54:24 PDT"]
[Termination "Djager97 won by checkmate"]

1. e4 c5 2. Nf3 g6 3. c3 Bg7 4.
d4 cxd4 5. cxd4 d5 6. e5 Bg4 7. h3 Bxf3 8. Qxf3 e6 9. Nc3 Ne7 10.
Bg5 O-O 11. Be2 Nbc6 12. Rd1 Qb6 13. Bxe7 Nxe7 14. O-O Nf5 15. Qd3 Qxb2 16. Rb1 Qa3 17. Rxb7 Rfc8 18. Rb3 Qe7 19. Rfb1 h5 20. Na4 Qg5 21.
Nc5 Bxe5 22. Nxe6 Rc1+ 23. Rxc1 Qxc1+ 24. Bf1 Bf6 25. Rc3 Qh6 26. Nc7 Bxd4 27. Nxa8 Bxc3 28.
Qxc3 d4 29. Qc8+ Kg7 30. Nc7 Qg5 31. Qd7 Qe7 32. Qxe7 Nxe7 33. Nb5 Nc6 34. Bd3 Kf6 35. Be4 Nb4 36. a3 Ke5 37. axb4 Kxe4 38. Nxa7 Kd3 39. Nc6 Kc4 40. b5 d3 41. Ne5+ Kxb5 42.
Nxd3 Kc4 43. Ne5+ Kd4 44. Nxf7 Ke4 45. h4 Kf5 46. g3 Kf6 47. Ng5 Kf5 48. Kg2 Kg4 49.
f3+ Kf5 50. Kf2 Ke5 51. Ke3 Kf5 52. Kd4 Kf6 53. Ke4 Kg7 54. Ke5 Kh6 55. Ne6 g5 56.
Nxg5 Kg6 57. f4 Kh6 58. f5 Kg7 59. Ne4 Kh6 60. f6 Kg6 61. Ke6 Kh7 62. f7 Kg6 63.
f8=Q Kh7 64. Ng5+ Kg6 65. Qf7+ Kh6 66. Qh7# 1-0

[Event "Late-Titled-Tuesday-Blitz-October-03-2023"]
[Site "Chess.com"]
[Date "2023.10.03"]
[Round "5"]
[White "marik_spb"]
[Black "akanga001"]
[Result "1-0"]
[WhiteElo "2384"]
[BlackElo "2031"]
[TimeControl "180+1"]
[EndTime "14:54:24 PDT"]
[Termination "marik_spb won on time"]

1. e4 c5 2. c3 d6 3. d4 cxd4 4.
cxd4 Nf6 5. Nc3 e6 6. Nf3 Be7 7. Bf4 a6 8. Bd3 Nc6 9. Qe2 O-O 10. O-O b6 11. e5 Nh5 12. Qe4 g6 13. Qxc6 Nxf4 14.
Qxa8 Nxd3 15. Rab1 Qc7 16. Qe4 Nxb2 17. Rxb2 Qxc3 18. Rxb6 d5 19. Qe3 Qa5 20. Qb3 Re8 21. Rc1 Bd7 22. Rb8 Bd8 23. h4 Bb5 24. Rcc8 Kg7 25.
Qc3 Qxa2 26. Rxd8 Qb1+ 27. Kh2 Rxd8 28. Rxd8 Qf5 29. Qe3 h6 30. Ra8 Bf1 31. Nd2 Bb5 32. f3 g5 33. g4 Qc2 34. hxg5 h5 35. gxh5 Qd1 36. g6 fxg6 37. Ra7+ Kg8 38. hxg6 Be8 39. Qg5 Qe2+ 40. Kh3 1-0

[Event "Late-Titled-Tuesday-Blitz-October-03-2023"]
[Site "Chess.com"]
[Date "2023.10.03"]
[Round "5"]
[White "alexrustemov"]
[Black "Mikhail_Golubev"]
[Result "1-0"]
[WhiteElo "2827"]
[BlackElo "2607"]
[TimeControl "180+1"]
[EndTime "14:54:25 PDT"]
[Termination "alexrustemov won by resignation"]

1. d4 Nf6 2. c4 g6 3. Nf3 Bg7 4. g3 O-O 5. Bg2 d6 6. Nc3 c6 7.
O-O Bf5 8. Ne1 d5 9. Qb3 Bc8 10. cxd5 cxd5 11. Nd3 Nc6 12. e3 e6 13. Bd2 Na5 14. Qc2 Nc4 15. Rfc1 Nxd2 16. Qxd2 Ne8 17. Rc2 Nd6 18. b3 Bd7 19. Rac1 Rc8 20. Ne5 Qe7 21.
Bf1 f6 22. Nxd7 Qxd7 23. Bd3 Rc7 24. Na4 Rfc8 25. Nc5 Qe7 26. Kg2 b6 27. Na6 Rxc2 28. Rxc2 Rxc2 29. Qxc2 Qb7 30. Nb4 Kf7 31. Qc6 Ke7 32.
Qxb7+ Nxb7 33. Nc6+ Kd7 34. Nxa7 e5 35. Nb5 exd4 36.
Nxd4 f5 37. Nxf5 gxf5 38. Bxf5+ Kd6 39. Bxh7 Kc5 40. h4 Kb4 41. Bg8 d4 42. exd4 Bxd4 43. f4 Nd6 44. g4 Ka3 45. g5 Kxa2 46. h5 Kb2 47. h6 Nf5 48. Kf3 Kc3 49. Ke4 Ng3+ 50.
Kf3 Nf5 51. Be6 Ne7 52. f5 Nc6 53. f6 Ne5+ 54. Ke4 Ng6 55. h7 Nh8 56. Kf5 Kb4 57.
g6 1-0

[Event "Late-Titled-Tuesday-Blitz-October-03-2023"]
[Site "Chess.com"]
[Date "2023.10.03"]
[Round "5"]
[White "Kirill_Klukin"]
[Black "Fandorine"]
[Result "1/2-1/2"]
[WhiteElo "2695"]
[BlackElo "2935"]
[TimeControl "180+1"]
[EndTime "14:54:26 PDT"]
[Termination "Game drawn by repetition"]

1. d4 Nf6 2. c4 g6 3. Nc3 Bg7 4. e4 d6 5. h3 e5 6. d5 a5 7. Be3 Na6 8. Bd3 Bd7 9. Nge2 h5 10. a3 Bh6 11. Bxh6 Rxh6 12. Bc2 Kf8 13. Qd2 Kg7 14. O-O h4 15. f4 exf4 16. Rxf4 Ng8 17. Raf1 f6 18. Nd4 Qe8 19. Bd1 a4 20. Bg4 Nc5 21. Bxd7 Qxd7 22. Nf3 g5 23. Rg4 Rg6 24. Nd4 Nb3 25.
Nxb3 axb3 26. Ne2 Nh6 27. Nd4 Nxg4 28. Ne6+ Kg8 29. hxg4 Re8 30. Qc3 Rxe6 31. dxe6 Qxe6 32. Qxb3 Qxe4 33. c5+ Kg7 34. cxd6 cxd6 35. Rd1 Qxg4 36. Qxb7+ Kh6 37. Rxd6 h3 38. Qf3 Qxf3 39. gxf3 Kh5 40. Kh2 Rh6 41. Kxh3 Kg6+ 42. Kg3 Rh1 43. b4 Ra1 44. Ra6 Kh5 45. Rxf6 Rxa3 46. Rf5 Rb3 47. b5 Kg6 48. Rc5 Rb4 49. Kf2 Kh5 50. Kg3 Kg6 51. Rc6+ Kh5 52. Rc5 Kg6 1/2-1/2

[Event "Late-Titled-Tuesday-Blitz-October-03-2023"]
[Site "Chess.com"]
[Date "2023.10.03"]
[Round "5"]
[White "Aleksandar-Topalov"]
[Black "Mikedannnn"]
[Result "1/2-1/2"]
[WhiteElo "2417"]
[BlackElo "2550"]
[TimeControl "180+1"]
[EndTime "14:54:26 PDT"]
[Termination "Game drawn - insufficient material"]

1. b3 e5 2. Bb2 d6 3. d4 Nd7 4.
e4 Ngf6 5. Nd2 exd4 6. Bxd4 g6 7. Ngf3 Bg7 8. Bd3 O-O 9. O-O Nc5 10. Re1 Bg4 11.
h3 Bxf3 12. Nxf3 Ne6 13. Bb2 Nd7 14. Bxg7 Kxg7 15. e5 dxe5 16. Nxe5 Nxe5 17. Rxe5 Qd4 18. Re4 Qb2 19. Rb1 Qf6 20. g3 Rad8 21. Qf1 Nd4 22. Rf4 Qc6 23. Qg2 Qxg2+ 24. Kxg2 Rfe8 25. Re4 Rxe4 26. Bxe4 c6 27. Rd1 Kf6 28. c3 Ne6 29. Rxd8 Nxd8 30. f4 a5 31. a3 Ne6 32. b4 axb4 33. axb4 Ke7 34. Kf3 Kd6 35. Ke3 b6 36. Bc2 c5 37. Bb3 Nd8 38. bxc5+ Kxc5 39. g4 f6 40. g5 fxg5 41. fxg5 Kd6 42. h4 Ke7 43. Kd4 Ne6+ 44. Ke5 Nc5 45. Bg8 Kf8 46. Bxh7 Kg7 47.
Bxg6 Kxg6 48. Kd5 Na4 49. Kc6 Nxc3 50. Kxb6 Ne4 51. Kc6 Nxg5 52. hxg5 Kxg5 1/2-1/2

[Event "Late-Titled-Tuesday-Blitz-October-03-2023"]
[Site "Chess.com"]
[Date "2023.10.03"]
[Round "5"]
[White "RETURNOFTHELAGGER"]
[Black "Vaathi_Coming"]
[Result "0-1"]
[WhiteElo "2671"]
[BlackElo "2889"]
[TimeControl "180+1"]
[EndTime "14:54:27 PDT"]
[Termination "Vaathi_Coming won by resignation"]

1. e4 e5 2. Nc3 Nc6 3. f4 exf4 4.
Nf3 g5 5. d4 Bg7 6. d5 Ne5 7.
h4 h6 8. g3 fxg3 9. Nxe5 Bxe5 10. hxg5 d6 11. Bb5+ Bd7 12. Bxd7+ Qxd7 13. Qf3 h5 14. Bd2 O-O-O 15. Rxh5 Ne7 16. Rh6 Rxh6 17. gxh6 f5 18. O-O-O f4 19. Bxf4 Rf8 20. Ne2 Ng6 21.
Kb1 Nxf4 22. Nxg3 Qh3 23. Rh1 Qd7 24. Nf5 b6 25. Qf1 Kb7 26. Qc4 Rh8 27. a4 a5 28.
c3 Ng6 29. Ka2 Ne7 30. Ne3 Nc8 31. Ka3 Ne7 32. Qe2 Bf4 33. Nc4 Rxh6 34. Rf1 Rh4 35. Qf2 Bg5 36. Rg1 Rxe4 37. b3 Bh4 38. Qh2 Nxd5 39.
Qg2 Nxc3 40. Kb2 d5 41. Kxc3 Bf6+ 42. Kc2 Qc6 43. Rd1 dxc4 44. bxc4 Rxc4+ 45. Kb1 Qxg2 0-1